 Dungeon Crawl Stone Soup version 0.29.1-debian-1-gc3f1650bb9 (webtiles) character file.

Game seed: 10138391528426394583

106 Newt the Trooper (level 4, 0/37 HPs)
             Began as a Demonspawn Gladiator on Sept 12, 2022.
             Slain by a gnoll
             ... wielding a +0 halberd
              (9 damage)
             ... on level 3 of the Dungeon.
             The game lasted 00:02:09 (2927 turns).

Newt the Trooper (Demonspawn Gladiator)             Turns: 2927, Time: 00:02:09

Health: 0/37       AC:  6    Str: 17    XL:     4   Next: 55%
Magic:  4/4        EV: 16    Int:  9    God:
Gold:   143        SH:  0    Dex: 14    Spells: 3/3 levels left

rFire   . . .      SeeInvis .   a - +0 rapier
rCold   . . .      Faith    .   (no shield)
rNeg    . . .      Spirit   .   b - +0 leather armour
rPois   .          Reflect  .   c - +0 helmet
rElec   .          Harm     .   m - +0 cloak
rCorr   .          Rampage  .   (no gloves)
Will    .....                   l - +0 pair of boots
Stlth   ++........              (no amulet)
HPRegen 0.12/turn               n - +4 ring of evasion
MPRegen 0.09/turn               (no ring)

@: no status effects
A: ignite blood 1
a: no special abilities


You were on level 3 of the Dungeon.
You visited 1 branch of the dungeon, and saw 3 of its levels.

You collected 143 gold pieces.

Inventory:

Hand Weapons
 a - a +0 rapier (weapon)
Missiles
 d - 3 throwing nets (quivered)
Armour
 b - a +0 leather armour (worn)
 c - a +0 helmet (worn)
 l - a +0 pair of boots (worn)
 m - a +0 cloak (worn)
Jewellery
 j - a ring of ice
 n - a +4 ring of evasion (left hand)
Scrolls
 f - a scroll of butterflies
 g - a scroll of vulnerability
 i - a scroll of immolation {unknown}
 k - 3 scrolls of teleportation {unknown}
 p - a scroll of magic mapping {unknown}
Potions
 h - a potion of haste
 o - a potion of resistance {unknown}
 q - 2 potions of berserk rage


   Skills:
 - Level 4.0 Fighting
 - Level 2.6 Short Blades
 - Level 1.7 Throwing
 - Level 2.6 Dodging
 - Level 2.0 Stealth
 + Level 1.1 Transmutations


You had 3 spell levels left.
You didn't know any spells.
Your spell library contained the following spells:

 Spells                   Type           Power      Damage    Failure   Level
 Wereblood                Tmut           2%         N/A       43%         2
 Sublimation of Blood     Necr           0%         N/A       58%         2
 Portal Projectile        Hex/Tloc       0%         N/A       83%         3
 Tukima's Dance           Hex            0%         N/A       83%         3
 Blade Hands              Tmut           1%         N/A       100%        5
 Summon Hydra             Summ           0%         N/A       100%        7


Dungeon Overview and Level Annotations

Branches:
Dungeon (3/15)

Altars:


Innate Abilities, Weirdness & Mutations

Your demonic aura sometimes causes spilled blood to erupt in flames.


Message History

The gnoll closely misses you.
You puncture the dart slug!
You kill the dart slug!
The gnoll closely misses you.
You closely miss the orc.
The gnoll hits you from afar with a +0 halberd.
The orc hits you but does no damage.
You barely miss the orc. The gnoll barely misses you.
The orc closely misses you.
You hit the orc.
The orc is lightly wounded.
The gnoll misses you. The orc barely misses you.
The orc attacks as you move away! The orc misses you.
You hit the orc.
The orc is almost dead.
The orc hits you with a +0 mace.
* * * LOW HITPOINT WARNING * * *
You hit the orc.
You kill the orc!
The gnoll barely misses you. The gnoll misses you.
Things that are here:
a +0 mace; a +0 whip; a kobold corpse You hit the gnoll.
The gnoll is moderately wounded.
The gnoll closely misses you.
You hit the gnoll. You punch the gnoll.
The gnoll is almost dead.
The gnoll hits you with a +0 halberd.
* * * LOW HITPOINT WARNING * * *
You hit the gnoll but do no damage.
The gnoll is almost dead.
The gnoll closely misses you.
You barely miss the gnoll.
The gnoll is almost dead.
The gnoll completely misses you.
You barely miss the gnoll.
The gnoll is almost dead.
The gnoll hits you with a +0 halberd!
You die...

#.##.......####.....###
###...)#................#
########...#..#.#########.##.#.#
..............#.# #.##.#.##
.#####....^..)..# #.##.#... .#
#.###.#..#### #####.##.#.## .#
#.# #.......# #......#...#
.#####.###.....######.#.##)#.###
)g.)..w.....<..g@..>..#.##...####
K##########....####.###....#....#
.# #....# #.# ########### ..
#....# #.# ..# ###### #.# ..# #.#
>.. #.# ... #.# #.#


You could see a gnoll.

Vanquished Creatures
  2 gnolls (D:3)
  2 adders
  A worm (D:2)
  2 dart slugs
  An orc (D:3)
  8 bats
  3 endoplasms
  3 giant cockroaches
  5 goblins
  4 hobgoblins
  4 jackals (D:1)
  3 quokkas
  6 ball pythons
  2 frilled lizards
  5 kobolds
  8 rats
59 creatures vanquished.

Notes
Turn   | Place    | Note
-------+----------+-------------------------------------------
     0 | D:1      | Newt the Demonspawn Gladiator began the quest for the Orb.
     0 | D:1      | Reached XP level 1. HP: 16/16 MP: 1/1
   131 | D:1      | Reached skill level 1 in Stealth
   407 | D:1      | Gained mutation: Your demonic aura sometimes causes spilled
                  | blood to erupt in flames. [demonic ancestry]
   407 | D:1      | Reached XP level 2. HP: 22/22 MP: 2/2
   927 | D:1      | Found a faded altar of an unknown god.
  1581 | D:2      | Reached XP level 3. HP: 28/28 MP: 3/3
  1789 | D:2      | Reached skill level 3 in Fighting
  2300 | D:3      | Reached XP level 4. HP: 37/37 MP: 4/4
  2519 | D:3      | Reached skill level 4 in Fighting
  2913 | D:3      | Reached skill level 1 in Transmutations
  2927 | D:3      | Slain by a gnoll

Illustrated notes

Levels and vault maps discovered:
D:1:      dpeg_arrival_water_fire, layout_loops_corners,
          nicolae_ecumenical_snake_handling
D:2:      layout_basic
D:3:      layout_basic, uniq_crazy_yiuf_cottage

Skill      XL: |  1  2  3  4 |
---------------+-------------+-----
Stealth        | 1 2 |  2.0
Fighting       | 3 4 |  4.0
Transmutations | 1 |  1.1
Short Blades   | |  2.6
Throwing       | |  1.7
Dodging        | |  2.6

Action                   |  1- 3 |  4- 6 || total
-------------------------+-------+-------++-------
Melee: Rapier            |   123 |    51 ||   174
       Punch             |       |     1 ||     1
Throw: Javelin           |       |     1 ||     1
  Use: Scroll            |     3 |       ||     3
       Potion            |     1 |       ||     1
 Stab: Sleeping          |     7 |       ||     7
Armor: Leather armour    |    48 |     8 ||    56
Dodge: Dodged            |    96 |    69 ||   165
